cohdb
Replays
Latest Replays
All Replays
Popular Replays
Top Player Replays
Match Explorer
How It Works
Community
CoH3 Stats
Reddit
Sign in to upload your games and track your stats! →
Sign in with Steam
Match 27278484
Unlisted
Match 27278484
Overview
Messages
Build Orders
End
Vickers Machine Gun Team
Construct Section Command Post
Dingo Light Scout Car
Infantry Section
Infantry Section
Construct Platoon Command Post
Selects Indian Artillery Battlegroup
Selects War Cry
Selects Gurkha Rifles Section
Humber Armored Car
Gurkha Rifles Section
Humber Armored Car
Selects Artillery Saturation
Gurkha Rifles Section
Selects Off-map Airburst Barrage
Off-map Airburst Barrage
Infantry Training
Gurkha Rifles Section
Selects Volunteer Infantry
Construct Company Command Post
War Cry
Off-map Airburst Barrage
Unlock M3 Grant Medium Tanks
Selects Perimeter Monitor
M3 Grant Medium Tank
Foot Guards Section
Off-map Airburst Barrage
Foot Guards Section
M3 Grant Medium Tank
Royal Engineer Section
Off-map Airburst Barrage
Armored Vehicle Training
M3 Grant Medium Tank
Off-map Airburst Barrage
water
redcoat15
AlexTheLie
bnb
SpicySenpai
月夜笑猫
iiiililililili
输了对面电脑塞满原神
0
0
Comments
sign in to comment!
No comments posted yet!